 Dungeon Crawl Stone Soup version 0.31-a0-1074-g0b22e4e0f1 (webtiles) character file.

Game seed: 16902647350358363255

2037510 RBrandon the Rapturous (level 27, 129/198 HPs)
             Began as a Demonspawn Shapeshifter on Dec 2, 2023.
             Was a Follower of Uskayaw.
             Escaped with the Orb
             ... and 4 runes on Dec 6, 2023!
             The game lasted 04:32:15 (88006 turns).

RBrandon the Rapturous (Demonspawn Shapeshifter)   Turns: 88006, Time: 04:32:16

Health: 129/198    AC: 37    Str: 31    XL:     27
Magic:  37/37      EV: 19    Int: 20    God:    Uskayaw [*.....]
Gold:   5921       SH: 15    Dex: 18    Spells: 7/44 levels left

rFire   + + .        s - +9 morningstar (distort)
rCold   + . .        p - +2 kite shield of Eternal Vigilance {rPois}
rNeg    + . .        u - +11 chain mail "Pemmeotu" {Str+4}
rPois   +            (helmet unavailable)
rElec   +            P - scarf {rC+ rF+}
rCorr   .            i - +2 pair of gloves
SInv    .            c - +2 pair of boots
Will    +++..        H - amulet of Suspicion {RegenMP Will+} Stlth
                     e - ring "Vypt" {Str+4 Int+6 Dex+4}
HPRegen 0.53/turn    Y - ring "Niraib" {Wiz rF+ rN+}
MPRegen 0.65/turn

%: random rage (9%), wizardry (x1)
@: no status effects
A: horns 3, thin metallic scales 3, demonic guardian 3, powered by pain 3, black
mark, bedeviling, aura of silence, berserk 2, clumsy 1, frail 1, subdued magic 1
0: Orb of Zot
}: 4/15 runes: decaying, slimy, silver, gossamer
a: Renounce Religion, Stomp


You escaped.
You worshipped Uskayaw.
Uskayaw was greatly pleased with you.
You visited 13 branches of the dungeon, and saw 57 of its levels.
You visited the Abyss 1 time.
You also visited: Gauntlet.

You collected 9398 gold pieces.
You spent 3477 gold pieces at shops.

Inventory:

Hand Weapons
 s - a +9 morningstar of distortion (weapon)
   (You took it off an ironbound preserver on level 2 of the Vaults)
Missiles
 Q - 8 curare-tipped darts
 W - 4 throwing nets
Armour
 c - a +2 pair of boots (worn)
 i - a +2 pair of gloves (worn)
 p - the +2 kite shield of Eternal Vigilance (worn) {rPois}
   (You took it off a draconian monk on level 4 of the Depths)

   rPois:     It protects you from poison
 u - the +11 chain mail "Pemmeotu" (worn) {Str+4}
   (You took it off an orc on level 4 of the Dungeon)

   Str+4:     It affects your strength (+4).
 w - an orb of energy
   (You found it on level 1 of the Depths)
 y - an orb of mayhem
   (You found it on level 5 of the Pits of Slime)
 P - a scarf of resistance (worn)
   (You found it in a Gauntlet)
Jewellery
 e - the ring "Vypt" (left hand) {Str+4 Int+6 Dex+4}
   (You found it on level 5 of the Pits of Slime)

   [ring of intelligence]

   Str+4:     It affects your strength (+4).
   Int+6:     It affects your intelligence (+6).
   Dex+4:     It affects your dexterity (+4).
 F - a ring of protection from cold
 H - the amulet of Suspicion (around neck) {RegenMP Will+}
   (You found it on level 3 of the Elven Halls)

   [amulet of magic regeneration]

   RegenMP:   It increases your rate of magic regeneration.
   Will+:     It increases your willpower.
 T - a +6 ring of intelligence
 V - the ring of Nolaixoq {Contam rN+ Str+2 Int+6}
   (You found it on level 5 of the Pits of Slime)

   [ring of intelligence]

   Str+2:     It affects your strength (+2).
   Int+6:     It affects your intelligence (+6).
   rN+:       It protects you from negative energy.
   Contam:    It causes magical contamination when unequipped.
 Y - the ring "Niraib" (right hand) {Wiz rF+ rN+}
   (You bought it in a shop on level 1 of the Vaults)

   [ring of wizardry]

   Wiz:       It improves your spell success rate.
   rF+:       It protects you from fire.
   rN+:       It protects you from negative energy.
Talismans
 U - the death talisman of Meblagec {rElec Int+2}
   (You found it on level 4 of the Depths)

   [talisman of death]

   Int+2:     It affects your intelligence (+2).
   rElec:     It insulates you from electricity.
Wands
 h - a wand of digging (27)
 o - a wand of iceblast (53)
 G - a wand of charming (65)
 I - a wand of mindburst (54)
 O - a wand of light (18)
Scrolls
 a - 2 scrolls of summoning
 d - 4 scrolls of immolation
 j - 11 scrolls of revelation
 m - 7 scrolls of fear
 r - 5 scrolls of fog
 t - 16 scrolls of teleportation
 v - 4 scrolls of blinking
 z - 7 scrolls of vulnerability
 D - 11 scrolls of amnesia
 E - 3 scrolls of torment
 K - 8 scrolls of poison
 S - 2 scrolls of silence
Potions
 b - 6 potions of enlightenment
 f - 3 potions of resistance
 g - a potion of haste
 k - 10 potions of brilliance
 n - 10 potions of might
 q - a potion of heal wounds
 x - 4 potions of invisibility
 B - 16 potions of curing
 C - 6 potions of ambrosia
 J - 8 potions of berserk rage
 M - 3 potions of cancellation
 X - 2 potions of magic
Miscellaneous
 l - a phial of floods
 A - a sack of spiders (inert)
 L - a tin of tremorstones (2/2)
 N - the horn of Geryon
 R - a lightning rod (4/4)
 Z - a phantom mirror (inert)


   Skills:
 + Level 19.0 Fighting
 - Level 16.0 Maces & Flails
 - Level 2.0 Throwing
 + Level 17.7 Armour
 + Level 17.4 Dodging
 - Level 12.6 Shields
 - Level 2.6 Unarmed Combat
 - Level 9.2 Spellcasting
 - Level 17.7 Hexes
 - Level 15.3 Translocations
 - Level 20.9 Invocations
 - Level 11.2 Evocations
 - Level 12.3 Shapeshifting


You had 7 spell levels left.
You knew the following spells:

 Your Spells              Type           Power      Damage    Failure   Level
a - Apportation           Tloc           100%       N/A       0%          1
b - Blink                 Tloc           100%       N/A       1%          2
c - Manifold Assault      Tloc           52%        N/A       1%          4
d - Dispersal             Tloc           26%        N/A       2%          6
e - Slow                  Hex            100%       N/A       0%          1
f - Dimensional Bullseye  Hex/Tloc       36%        N/A       1%          4
g - Confusing Touch       Hex            75%        N/A       1%          3
h - Enfeeble              Hex            37%        N/A       5%          7
i - Passage of Golubria   Tloc           52%        N/A       1%          4
j - Yara's Violent Unrav  Hex/Tmut       25%        3d11      6%          5

Your spell library contained the following spells:

 Spells                   Type           Power      Damage    Failure   Level
 Jinxbite                 Hex            100%       N/A       0%          2
 Dazzling Flash           Conj/Hex       100%       N/A       1%          3
 Inner Flame              Hex/Fire       51%        N/A       1%          3
 Sigil of Binding         Hex            75%        N/A       1%          3
 Summon Guardian Golem    Hex/Summ       51%        N/A       1%          3
 Cause Fear               Hex            37%        N/A       1%          4
 Anguish                  Hex/Necr       25%        N/A       2%          4
 Leda's Liquefaction      Hex/Erth       25%        N/A       2%          4
 Silence                  Hex/Air        25%        N/A       6%          5
 Foxfire                  Conj/Fire      28%        2x1d5     9%          1
 Freeze                   Ice            28%        1d5       9%          1
 Kiss of Death            Conj/Necr      28%        2d7       9%          1
 Magic Dart               Conj           28%        1d4       9%          1
 Necrotise                Necr           28%        1d5       9%          1
 Summon Small Mammal      Summ           28%        N/A       9%          1
 Call Imp                 Summ           14%        N/A       14%         2
 Cigotuvi's Dreadful Rot  Necr/Pois/Air  14%        N/A       14%         2
 Poisonous Vapours        Pois/Air       14%        N/A       14%         2
 Scorch                   Fire           14%        2d5       14%         2
 Static Discharge         Conj/Air       14%        3-4/arc   14%         2
 Sublimation of Blood     Necr           7%         N/A       14%         2
 Wereblood                Tmut           7%         N/A       14%         2
 Call Canine Familiar     Summ           7%         N/A       28%         3
 Frozen Ramparts          Ice            14%        1d3       28%         3
 Hailstorm                Conj/Ice       7%         3d4       28%         3
 Ignite Poison            Fire/Tmut/Pois 7%         N/A       28%         3
 Mephitic Cloud           Conj/Pois/Air  7%         N/A       28%         3
 Vampiric Draining        Necr           7%         2d6       28%         3
 Airstrike                Air            3%         2d(1-17)  65%         4
 Brom's Barrelling Bould  Conj/Erth      7%         2d3       65%         4
 Dispel Undead            Necr           7%         3d8       65%         4
 Flame Wave               Conj/Fire      7%         2d5       65%         4
 Olgreb's Toxic Radiance  Pois           7%         N/A       65%         4
 Sticky Flame             Conj/Fire      7%         2d3       65%         4
 Summon Ice Beast         Ice/Summ       7%         N/A       65%         4
 Summon Lightning Spire   Summ/Air       7%         N/A       65%         4
 Agony                    Necr           7%         N/A       93%         5
 Alistair's Intoxication  Tmut/Pois      4%         N/A       93%         5
 Arcjolt                  Conj/Air       3%         1d13      93%         5
 Fireball                 Conj/Fire      3%         3d4       93%         5
 Freezing Cloud           Conj/Ice/Air   3%         6-21      93%         5
 Conjure Ball Lightning   Conj/Air       3%         3x3d6     100%        6
 Death Channel            Necr           3%         N/A       100%        6
 Plasma Beam              Fire/Air       3%         2x1d13    100%        6
 Simulacrum               Ice/Necr       3%         N/A       100%        6
 Starburst                Conj/Fire      3%         6d3       100%        6
 Summon Cactus Giant      Summ           3%         N/A       100%        6
 Haunt                    Necr/Summ      3%         N/A       100%        7
 Discord                  Hex            37%        N/A       38%         8
 Disjunction              Tloc           26%        N/A       71%         8
 Borgnjor's Revivificati  Necr           3%         N/A       100%        8
 Ignition                 Fire           3%         3d4       100%        8
 Infestation              Necr           3%         N/A       100%        8
 Lehudib's Crystal Spear  Conj/Erth      3%         10d3      100%        8
 Chain Lightning          Conj/Air       3%         3d4       100%        9
 Death's Door             Necr           3%         N/A       100%        9
 Dragon's Call            Summ           3%         N/A       100%        9
 Fire Storm               Conj/Fire      3%         8d1       100%        9
 Shatter                  Erth           3%         3d7*      100%        9


Dungeon Overview and Level Annotations

Branches:
Dungeon (15/15)            Temple (1/1) D:5            Lair (5/5) D:11
  Swamp (4/4) Lair:3       Spider (4/4) Lair:2        Slime (5/5) Lair:4
    Orc (2/2) D:11            Elf (3/3) Orc:2        Vaults (5/5) D:13
  Crypt (3/3) Vaults:2       Tomb (0/3) Crypt:3      Depths (4/4) D:15
   Hell (visited)             Dis (0/7) Hell            Geh (0/7) Hell
    Coc (0/7) Hell            Tar (0/7) Hell            Zot (5/5) Depths:4
Gauntlet (visited)

Altars:
Ashenzari
Cheibriados
Dithmenos
Fedhas
Gozag
Hepliaklqana
Kikubaaqudgha
Makhleb
Nemelex Xobeh
Okawaru
Qazlal
Ru
Sif Muna
Trog
Uskayaw
Vehumet
Wu Jian
Xom
Yredelemnul
Jiyva

Shops:
D:2 [   D:5 (   D:9 *=[[=   Orc:2 ([((:   Elf:1 ?*?   Vaults:1 (=*=*
Vaults:4 [   Depths:4 :==[

Portals:
Hell: Depths:1 Depths:2 Depths:3 Depths:4
Abyss: Orc:1 Depths:3
Pandemonium: Depths:2 Depths:3
Ziggurat: Depths:3

Annotations:
Lair:5 2 runed translucent doors
Swamp:3 2 transporters, 1 runed translucent door, Ureret's ghost, adept GrFi
Orc:1 2 transporters, PowderKeg's ghost, novice DEHu
Elf:2 3 runed translucent doors
Depths:1 exclusion: orange crystal statue
Abyss:1 Sojobo; Vv


Innate Abilities, Weirdness & Mutations

You have a pair of large horns on your head.
You are completely covered in thin metallic scales. (AC +4, rElec)
A powerful demonic guardian rushes to your aid.
You are powered by pain.
Your melee attacks may debilitate your foes.
Your hexes are more powerful.
You are surrounded by an aura of silence.
You have an uncontrollable temper.
You are clumsy. (Dex -2)
You are frail. (-10% HP)
Your spells are a little easier to cast, but a little less powerful.


Message History

A reaper comes into view. It is wielding a +6 scythe of venom.
You block the hellion's attack. The hellion gestures at you.
The sphere of damnation explodes!
The damnation engulfs you!!
The damnation engulfs the hellion.
The hellion completely resists.
You closely miss the hellion. You impale the hellion!!
Space warps around the hellion.
Your headbutt misses the hellion.
The hellion is severely wounded.
The hellion closely misses you. You block the reaper's attack.
You impale the hellion!!
You kill the hellion!
The reaper closely misses you.
Your Fighting skill increases to level 19!
The reaper hits you with a +6 scythe of venom!
You puncture the reaper!
Space warps horribly around the reaper!
The reaper is moderately wounded.
The reaper hits you with a +6 scythe of venom!
You are poisoned.
You can now pass through a line of other dancers.
You impale the reaper!!
Space warps horribly around the reaper!
The reaper is almost dead.
You feel very sick.
You puncture the reaper!
You kill the reaper!
You feel sick.
Uskayaw will force your foes to helplessly watch your dance.
What level of the Dungeon? (default 1, ? - help) You're already here!
You feel very sick.
You feel sick.
You feel sick.
You feel sick.
You feel sick.
You feel sick.
You feel sick.
You feel sick.
You are no longer poisoned.
There is a staircase leading out of the dungeon here.
You have escaped!

# #.#.)...# #.# ##...## #
#...)...# ######.######.....# #
##...##.# #.........##.......
####....##.####..#...##.#........
........................'........
........##.####..#...##.#........
.####......# #......##.##.......
.# ###.#### #...#.###.###.....#
.# ####.# #.@>#.# #.# ##...## .#
#....# #...#.###.# ##+## .#
#.##.# #.........# #.# .# #.##.#
###.####### #.### .###.##.# #.#
##.#.. ........# #.# ##....#
####.#### #.##### #.....# .....#
#.....## ##....# ######
####.#.######.#..


There were no monsters in sight!

Vanquished Creatures
  the Royal Jelly (Slime:5)
  5 dread liches
  4 orbs of fire
  Khufu (Crypt:1)
  2 ancient liches (Zot:5)
  Mara (Swamp:3)
  Mennas (Depths:4)
  A pandemonium lord (D:10)
  A juggernaut (Depths:4)
  3 royal mummies
  Saint Roka (Depths:1)
  2 Killer Klowns (Zot:5)
  A curse toe (Zot:5)
  Geryon (Hell)
  Xtahua (Vaults:4)
  Jory (Vaults:3)
  7 golden dragons
  A doom hound (Zot:2)
  3 electric golems
  5 liches
  23 Orb Guardians
  Jorgrun (Swamp:3)
  2 titans (Vaults:5)
  11 tentacled monstrosities
  2 deep elf master archers (Elf:3)
  Mlioglotl (Swamp:3)
  9 sphinxes
  7 quicksilver dragons
  2 ancient champions
  16 acid blobs
  2 deep elf blademasters
  Frances (D:12)
  An Executioner (Depths:1)
  6 death cobs
  7 shadow dragons
  7 tengu reavers
  5 rockslimes (Slime:5)
  12 storm dragons
  Donald (Orc:2)
  An occultist (Elf:1)
  4 draconian monks (Depths:4)
  10 azure jellies
  4 iron dragons
  Aizul (Vaults:1)
  2 revenants
  6 deep elf sorcerers
  11 fire giants
  3 draconian knights
  A draconian scorcher (Zot:4)
  8 frost giants
  7 ghost moths
  12 vault wardens
  A curse skull (Crypt:3)
  A balrug (Depths:1)
  2 orc warlords
  A deep elf elementalist (Elf:3)
  6 emperor scorpions
  An angel (Vaults:4)
  A cacodemon (Depths:2)
  6 ironbound preservers
  15 very ugly things
  7 war gargoyles
  14 stone giants
  A spriggan defender (Depths:3)
  4 draconian annihilators
  5 reapers
  2 quicksilver oozes
  A formless jellyfish (Vaults:1)
  4 ironbound thunderhulks
  A juggernaut skeleton (Hell)
  A broodmother (Spider:4)
  5 eleionomae
  7 deep elf demonologists
  11 green draconians
  7 black draconians
  3 vampire knights
  4 putrid mouths
  5 deep elf annihilators (Elf:3)
  6 yellow draconians
  12 dire elephants
  9 white draconians
  12 spark wasps
  A lorocyproca (Depths:4)
  19 purple draconians
  11 red draconians
  4 bunyips
  3 eidola
  12 deep elf death magi
  3 blizzard demons
  5 mummy priests (Crypt:3)
  An elf zombie (Hell)
  A quicksilver dragon zombie (Hell)
  8 ettins
  6 fire dragons
  12 jiangshi
  6 entropy weavers
  A green death (D:8)
  Josephine (Orc:2)
  3 deep elf high priests
  11 yaktaur captains
  3 great orbs of eyes
  22 vault guards
  A quicksilver dragon skeleton (Hell)
  10 ice dragons
  2 hell beasts
  4 rakshasas
  2 jorogumos (Spider:4)
  2 ogre magi
  3 ghost crabs (Swamp:2)
  A peacekeeper (Vaults:3)
  A spriggan skeleton (Hell)
  19 hydras
  4 spriggan air magi
  7 ironbound frosthearts
  2 caustic shrike simulacra (Hell)
  3 death knights
  4 radroaches
  5 two-headed ogres
  2 catoblepae
  6 boulder beetles
  A fenstrider witch skeleton (Hell)
  8 centaur warriors
  3 deep troll earth magi
  9 tengu warriors
  9 alligators
  18 dancing weapons
  6 hell hogs (Depths:1)
  4 deep troll shamans
  5 vampire magi
  A thrashing horror (Abyss:3)
  Urug (Lair:5)
  2 death yaks (Lair:2)
  An orc high priest (Orc:1)
  An emperor scorpion zombie (Hell)
  13 demonic crawlers
  6 hell knights
  6 spriggan berserkers
  2 skysharks (Lair:3)
  13 deep elf knights
  Sonja (Lair:5)
  3 sun demons
  6 soul eaters
  A shadow wraith (Vaults:5)
  A fire crab (shapeshifter) (Depths:1)
  7 iron trolls
  Lodul (D:11)
  5 spriggan druids
  6 orb spiders
  4 flayed ghosts
  A golden dragon zombie (Crypt:2)
  A sixfirhy (Depths:2)
  An anaconda zombie (Hell)
  3 death drakes
  7 pharaoh ants
  2 goliath frogs
  22 skeletal warriors
  3 bog bodies
  A deep troll (shapeshifter) (Vaults:5)
  3 glowing orange brains
  7 swamp dragons (Swamp:4)
  A spriggan simulacrum (Hell)
  An orb spider (shapeshifter) (Depths:3)
  2 shadow demons
  28 deep trolls
  15 deep elf archers
  22 ironbound convokers
  8 arcanists
  7 orc knights
  6 necromancers
  5 steelbarb worms
  11 phantasmal warriors
  11 lindwurms
  4 shining eyes
  20 deep elf pyromancers
  A shining eye (shapeshifter) (Vaults:5)
  18 deep elf zephyrmancers
  4 orc sorcerers
  An eleionoma zombie (Crypt:2)
  2 will-o-the-wisps
  33 ugly things
  2 manticores
  An alligator skeleton (Hell)
  23 wolf spiders
  30 moths of wrath
  A moth of wrath (shapeshifter) (Depths:1)
  6 cyclopes
  3 large abominations
  68 slime creatures
  8 molten gargoyles
  2 rust devils (Hell)
  13 vault sentinels
  A dire elephant zombie (Hell)
  8 black mambas
  An ice statue (Hell)
  2 eyes of devastation
  A gargoyle (D:11)
  7 torpor snails
  14 cane toads
  Maggie (D:6)
  A dire elephant skeleton (Hell)
  2 smoke demons
  22 yaktaurs
  2 rime drakes
  Psyche (D:12)
  A hellion (D:1)
  A bunyip simulacrum (Hell)
  3 tengu conjurers
  12 komodo dragons
  3 ice devils
  8 freezing wraiths
  2 sea snake zombies
  A sea snake skeleton (Hell)
  2 black draconian skeletons (Crypt:1)
  19 guardian mummies (Crypt:3)
  A hydra zombie (Hell)
  A mana viper zombie (Crypt:2)
  A harpy zombie (Hell)
  A red devil (Hell)
  15 trolls
  6 tyrant leeches
  5 polar bears
  A tarantella (shapeshifter) (Elf:1)
  18 blink frogs
  2 harpy skeletons (Hell)
  A raiju (shapeshifter) (Elf:3)
  21 tarantellas
  A death drake skeleton (Crypt:3)
  6 hornets
  3 dream sheep (Lair:5)
  2 jumping spider zombies
  A dream sheep (shapeshifter) (Depths:4)
  16 jumping spiders
  2 glass eyes
  2 shadows (D:10)
  A culicivora (shapeshifter) (Elf:1)
  7 culicivoras
  6 wyverns
  7 flying skulls
  4 spriggans
  2 vampires (D:12)
  3 air elementals (Elf:1)
  7 water elementals
  11 wraiths
  A yak (shapeshifter) (D:13)
  7 ushabtiu (Crypt:3)
  6 basilisks
  4 fire elementals
  A wyvern (shapeshifter) (Vaults:5)
  A fire bat (D:9)
  46 yaks
  15 humans (D:13)
  4 golden eyes
  A sea snake simulacrum (Hell)
  5 steam dragons
  A chaos spawn (Abyss:3)
  14 vampire mosquitoes
  61 redbacks
  A glowing shapeshifter zombie (Vaults:4)
  A harpy simulacrum (Hell)
  Edmund (D:4)
  A fire bat zombie (Crypt:3)
  12 swamp worms
  A fire bat skeleton (Crypt:2)
  4 acid dragons
  14 water moccasins
  5 hell hounds (Lair:5)
  A deep troll skeleton (Hell)
  35 orc warriors
  3 sky beasts (D:10)
  5 swamp drakes (Swamp:4)
  3 ice beasts
  4 black bears
  A black bear (shapeshifter) (D:15)
  4 small abominations (Gauntlet)
  A snapping turtle skeleton (Crypt:1)
  A blink frog zombie (Crypt:1)
  12 centaurs
  11 ogres
  A boggart (Depths:4)
  5 wolves (Lair:5)
  3 phantoms
  4 kobold brigands
  17 bullfrogs
  4 earth elementals
  A gnoll sergeant (D:11)
  5 scorpions
  A cyclops zombie (Crypt:1)
  A wyvern skeleton (Crypt:3)
  A shapeshifter zombie (Crypt:2)
  8 killer bees
  A raiju skeleton (Crypt:2)
  2 electric eels
  5 howler monkeys
  5 lava snakes (Lair:5)
  A hound (D:7)
  2 jellies
  27 orc priests
  2 gnoll boudas
  4 sleepcaps (D:5)
  5 iguanas
  33 orc wizards
  A boggart skeleton (Crypt:1)
  A killer bee zombie (Crypt:3)
  2 ice beast zombies (Crypt:2)
  An ogre skeleton (Crypt:2)
  8 mummies
  11 gnolls
  8 adders
  4 shadow imps
  A white imp (D:5)
  4 ufetubi
  A lava snake skeleton (Crypt:3)
  3 worms (Lair:2)
  4 dart slugs
  97 orcs
  4 ball pythons
  4 endoplasms
  9 giant cockroaches
  9 goblins
  5 hobgoblins
  3 jackals (D:5)
  28 kobolds
  A quokka (D:2)
  8 bats
  6 frilled lizards
  5 rats
  A river rat skeleton (Crypt:1)
2071 creatures vanquished.

Vanquished Creatures (collateral kills)
  2 ancient liches
  A golden dragon (Zot:4)
  An electric golem (Zot:5)
  A doom hound (Zot:2)
  A lich (Vaults:5)
  A tentacled monstrosity (Zot:2)
  Grunn (Zot:2)
  A death cob (Zot:2)
  A tentacled starspawn (Abyss:3)
  A tengu reaver (Vaults:4)
  3 azure jellies (Slime:5)
  2 shadow dragons (Zot:4)
  A fenstrider witch (Swamp:4)
  A frost giant (Depths:3)
  A draconian knight (Zot:4)
  An emperor scorpion (Spider:3)
  2 ghost moths
  A draconian annihilator (Zot:5)
  5 ironbound preservers
  A broodmother (Spider:4)
  2 very ugly things (Vaults:5)
  2 reapers (Hell)
  2 ironbound thunderhulks
  A black draconian (Depths:4)
  A green draconian (Zot:4)
  3 purple draconians
  3 white draconians
  A red draconian (Zot:5)
  2 yellow draconians
  A mummy priest (Crypt:3)
  2 ettins (Vaults:5)
  2 yaktaur captains
  An entropy weaver (Spider:4)
  A shambling mangrove (Swamp:3)
  An ice dragon (Hell)
  6 vault guards (Vaults:5)
  A spriggan air mage (Depths:3)
  An ironbound frostheart (Abyss:3)
  4 two-headed ogres (D:12)
  3 titan zombies (Hell)
  A deep troll earth mage (Depths:4)
  A demonic crawler (Spider:2)
  2 sun demons (Depths:1)
  2 soul eaters (Hell)
  2 pharaoh ants
  A spriggan druid (Swamp:4)
  3 orb spiders (Spider:4)
  A phantasmal warrior (Vaults:5)
  3 deep trolls
  A steelbarb worm (Spider:2)
  A large abomination (Gauntlet)
  A deep elf pyromancer (D:14)
  2 necromancers (Hell)
  2 orc knights
  A wolf spider (Spider:4)
  An ugly thing (Vaults:5)
  A will-o-the-wisp (Swamp:4)
  5 rust devils (Hell)
  3 moths of wrath
  A smoke demon (Hell)
  A vault sentinel (Vaults:5)
  A black mamba (Lair:5)
  An eye of devastation (Slime:4)
  2 molten gargoyles (Hell)
  A hellion (Hell)
  A cane toad (Lair:5)
  2 yaktaurs
  9 guardian mummies (Crypt:3)
  A komodo dragon (Lair:5)
  An ice devil (Hell)
  An anaconda simulacrum (Hell)
  A polar bear (Lair:5)
  A tyrant leech (Swamp:3)
  A tarantella (Spider:3)
  4 dream sheep (Lair:5)
  A blink frog (Lair:5)
  6 slime creatures
  3 jumping spiders (Spider:4)
  4 flying skulls (Crypt:3)
  3 ushabtiu (Crypt:3)
  An ettin skeleton (Hell)
  A dire elephant simulacrum (Hell)
  A basilisk (Lair:5)
  A golden eye (Slime:5)
  A human (D:13)
  Menkaure (D:6)
  2 redbacks
  2 vampire mosquitoes (D:12)
  A hydra simulacrum (Hell)
  A swamp drake (Swamp:4)
  3 orc warriors
  A black bear (D:6)
  A centaur (D:14)
  A glowing shapeshifter simulacrum (Vaults:4)
  A human skeleton (Vaults:4)
  3 orc priests
  Terence (D:2)
  An orc wizard (Orc:2)
  Ijyb (D:3)
  3 mummies (Crypt:3)
  2 gnolls (D:6)
  A worm (D:2)
  7 orcs
  A ball python (D:1)
  A hobgoblin (D:3)
  A bat (D:3)
  A frilled lizard (D:2)
  A kobold (D:6)
  2 rats
  A starspawn tentacle (Abyss:3)
195 creatures vanquished.

Vanquished Creatures (others)
  The ghost of Rutraf the Master Archer, a veteran DEHs of Fedhas (Depths:4)
  A draconian scorcher (Zot:3)
  A deep elf sorcerer (Elf:2)
  A draconian stormcaller (Zot:3)
  A yellow draconian (Zot:4)
  A deep elf death mage (Vaults:5)
  A vault guard (Vaults:5)
  A deep elf knight (Elf:2)
  A deep troll (Vaults:5)
  2 ironbound convokers
  A necromancer (Vaults:5)
  2 deep elf pyromancers (Elf:1)
  A deep elf zephyrmancer (Elf:1)
  3 bloated husks
  A vampire mosquito (Swamp:1)
  A warg (Depths:1)
  2 orc warriors (Vaults:5)
  32 foxfires
  4 spectral weapons
  A starspawn tentacle (Abyss:3)
  4 tentacles (Hell)
63 creatures vanquished.

Grand Total: 2329 creatures vanquished

Notes
Turn   | Place    | Note
-------+----------+-------------------------------------------
     0 | D:1      | RBrandon the Demonspawn Shapeshifter began the quest for
                  | the Orb.
     0 | D:1      | Reached XP level 1. HP: 15/15 MP: 1/1
   214 | D:1      | Gained mutation: A weak demonic guardian rushes to your
                  | aid. [demonic ancestry]
   214 | D:1      | Reached XP level 2. HP: 17/21 MP: 2/2
   860 | D:1      | Gained mutation: You have a pair of small horns on your
                  | head. [demonic ancestry]
   860 | D:1      | Reached XP level 3. HP: 26/26 MP: 3/3
  1422 | D:2      | Noticed Terence
  1428 | D:2      | Killed Terence
  1429 | D:2      | Reached skill level 1 in Throwing
  1429 | D:2      | Gained mutation: A demonic guardian rushes to your aid.
                  | [demonic ancestry]
  1429 | D:2      | Reached XP level 4. HP: 15/32 MP: 4/4
  1578 | D:2      | Found Yqith's Armour Shop.
  1593 | D:2      | Found a shimmering altar of Xom.
  1917 | D:3      | Found a burning altar of Makhleb.
  1992 | D:3      | Reached XP level 5. HP: 26/38 MP: 5/5
  2242 | D:3      | Noticed Ijyb
  2259 | D:3      | Killed Ijyb
  2355 | D:4      | Noticed a black bear
  2404 | D:4      | Noticed a phantom
  2446 | D:4      | Noticed a phantom
  2449 | D:4      | Killed a phantom
  2502 | D:4      | Gained mutation: You sometimes gain a little power by
                  | taking damage. [demonic ancestry]
  2502 | D:4      | Reached XP level 6. HP: 37/46 MP: 6/6
  2795 | D:4      | Reached XP level 7. HP: 37/55 MP: 7/7
  2882 | D:4      | Noticed Edmund
  2906 | D:4      | Killed Edmund
  2907 | D:4      | Reached skill level 5 in Fighting
  3062 | D:4      | Identified the +11 chain mail "Pemmeotu" {Str+4}
  3169 | D:4      | Reached skill level 1 in Armour
  3609 | D:5      | Entered Level 5 of the Dungeon
  3876 | D:5      | Reached skill level 1 in Maces & Flails
  3890 | D:5      | Found a blossoming altar of Fedhas.
  4006 | D:5      | Gained mutation: A powerful demonic guardian rushes to your
                  | aid. [demonic ancestry]
  4006 | D:5      | Reached XP level 8. HP: 58/62 MP: 8/8
  4072 | D:5      | Found a staircase to the Ecumenical Temple.
  4075 | D:5      | Found Fefoim's Antique Weapon Shop.
  4092 | Temple   | Entered the Ecumenical Temple
  4108 | Temple   | Became a worshipper of Uskayaw the Reveller
  4278 | D:6      | Noticed Maggie
  4340 | D:5      | Reached * piety under Uskayaw
  4341 | D:5      | Reached skill level 1 in Invocations
  4342 | D:5      | Reached ** piety under Uskayaw
  4345 | D:5      | Reached skill level 3 in Invocations
  4380 | D:5      | Reached skill level 4 in Invocations
  4522 | D:6      | Reached skill level 5 in Invocations
  4523 | D:6      | Reached *** piety under Uskayaw
  4525 | D:6      | Reached **** piety under Uskayaw
  4527 | D:6      | Reached skill level 6 in Invocations
  4528 | D:6      | Reached ***** piety under Uskayaw
  4548 | D:6      | Killed Maggie
  4549 | D:6      | Reached skill level 8 in Invocations
  4597 | D:6      | Gained mutation: You are partially covered in thin metallic
                  | scales. (AC +2) [demonic ancestry]
  4597 | D:6      | Reached XP level 9. HP: 61/68 MP: 15/15
  4655 | D:6      | Noticed Menkaure
  4657 | D:6      | Reached skill level 9 in Invocations
  4659 | D:6      | Killed Menkaure
  4843 | D:6      | Reached skill level 10 in Invocations
  4854 | D:6      | Identified the +10 war axe of Zaoh {drain, rElec rC- Int+3
                  | Stlth+}
  5319 | D:7      | Gained mutation: You have a somewhat thin skeletal
                  | structure. (Dex +2, Stealth+) [potion of mutation]
  5319 | D:7      | Gained mutation: Your mind is acute. (Int +4, Str/Dex -1)
                  | [potion of mutation]
  5322 | D:7      | Reached skill level 5 in Maces & Flails
  5706 | D:7      | Found a stormy altar of Qazlal.
  5862 | D:7      | Found an iron altar of Okawaru.
  5879 | D:7      | Found a hazy altar of Hepliaklqana.
  7026 | D:8      | Gained mutation: You are mostly covered in thin metallic
                  | scales. (AC +3) [demonic ancestry]
  7026 | D:8      | Reached XP level 10. HP: 74/74 MP: 17/17
  7916 | D:9      | Found Homavaul's Jewellery Boutique.
  7919 | D:9      | Bought an amulet of guardian spirit for 360 gold pieces
  7954 | D:9      | Found Kiyn's Jewellery Emporium.
  7965 | D:9      | Found Festeops's Antique Armour Boutique.
  7984 | D:9      | Found Nicwuipu's Assorted Antiques.
  7994 | D:9      | Bought a scroll labelled TEEH MO DAUB IRRAM for 32 gold
                  | pieces
  7994 | D:9      | Bought a scroll labelled XEIDWEANITS for 32 gold pieces
  8001 | D:9      | Identified a scroll of acquirement
  8006 | D:9      | Acquired a manual of Maces & Flails
  8116 | D:9      | Found Gugheis's Antique Armour Boutique.
  8179 | D:9      | Noticed Erolcha
  8202 | D:9      | Erolcha changed into Erolcha the fire bat
  8202 | D:9      | Noticed Erolcha
  8207 | D:9      | Killed Erolcha the fire bat
  8581 | D:10     | Entered Level 10 of the Dungeon
  8636 | D:10     | Reached skill level 10 in Maces & Flails
  9381 | D:10     | Reached XP level 11. HP: 80/80 MP: 18/18
  9502 | D:10     | Noticed a two-headed ogre
  9514 | D:10     | Killed a two-headed ogre
  9902 | D:11     | Found a staircase to the Orcish Mines.
 10277 | D:11     | Noticed Lodul
 10304 | D:11     | Killed Lodul
 10305 | D:11     | Reached skill level 5 in Armour
 10309 | D:11     | Reached ****** piety under Uskayaw
 10585 | D:11     | Found a staircase to the Lair.
 10756 | Lair:1   | Entered Level 1 of the Lair of Beasts
 11463 | Lair:1   | Noticed a boulder beetle
 11483 | Lair:1   | Killed a boulder beetle
 11484 | Lair:1   | Reached XP level 12. HP: 94/94 MP: 19/19
 12269 | Lair:2   | Identified the +1 leather armour of the Charmed God {rC+
                  | rN+ Stlth+}
 12371 | Lair:2   | Noticed a death yak
 12375 | Lair:2   | Noticed a death yak
 12450 | Lair:2   | Killed a death yak
 12451 | Lair:2   | Reached skill level 10 in Fighting
 12459 | Lair:2   | Killed a death yak
 12627 | Lair:2   | Found a hole to the Spider Nest.
 12794 | Lair:2   | Identified the +0 ring mail "Lialecke" {Harm rElec rC-
                  | Regen+}
 13667 | Lair:3   | Reached skill level 11 in Invocations
 13687 | Lair:3   | Noticed a six-headed hydra
 14155 | Lair:3   | Gained mutation: You sometimes gain power by taking damage.
                  | [demonic ancestry]
 14155 | Lair:3   | Reached XP level 13. HP: 93/106 MP: 14/21
 14157 | Lair:3   | Reached skill level 12 in Invocations
 14159 | Lair:3   | Learned a level 1 spell: Apportation
 14162 | Lair:3   | Learned a level 2 spell: Blink
 14277 | Lair:3   | Reached skill level 1 in Translocations
 14559 | Lair:3   | Found a staircase to the Swamp.
 15133 | Lair:4   | Reached skill level 5 in Translocations
 15313 | Lair:4   | Found a staircase to the Slime Pits.
 15700 | Lair:5   | Entered Level 5 of the Lair of Beasts
 15866 | Lair:5   | Learned a level 4 spell: Manifold Assault
 15897 | Lair:5   | Noticed Urug
 16022 | Lair:5   | Killed Urug
 16372 | Lair:5   | Noticed Sonja
 16375 | Lair:5   | Killed Sonja
 16556 | Lair:5   | Reached skill level 10 in Translocations
 16812 | Lair:5   | Reached XP level 14. HP: 104/113 MP: 20/23
 17052 | Lair:5   | Found a large runed translucent door.
 17053 | Lair:5   | Found a large runed translucent door.
 17539 | Orc:1    | Entered Level 1 of the Orcish Mines
 17566 | Orc:1    | Found a one-way gate to the infinite horrors of the Abyss.
 17566 | Orc:1    | Noticed PowderKeg's ghost (novice DEHu)
 17740 | Orc:1    | Found a transporter.
 17982 | Orc:1    | Found a transporter.
 18042 | Orc:2    | Entered Level 2 of the Orcish Mines
 18094 | Orc:2    | Found a gate leading to a gauntlet.
 18107 | Gauntlet | Entered a Gauntlet
 18107 | Gauntlet | Found a transporter.
 18107 | Gauntlet | Found a transporter.
 18107 | Gauntlet | Found a transporter.
 18128 | Gauntlet | Found a transporter.
 18129 | Gauntlet | Found a transporter.
 18140 | Gauntlet | Found a transporter.
 18142 | Gauntlet | Found a transporter.
 18154 | Gauntlet | Found a transporter.
 18176 | Gauntlet | Found a transporter.
 18190 | Gauntlet | Found a transporter.
 18210 | Gauntlet | Found a transporter.
 18220 | Gauntlet | Found a transporter.
 18430 | Gauntlet | Reached skill level 5 in Dodging
 18506 | Gauntlet | Identified the ring "Noimyc" {rPois rF+++ Will- AC+4 Dex-3}
 18846 | Orc:2    | Found Tiuxte Necas's Antique Weapon Boutique.
 19208 | Orc:2    | Noticed Josephine
 19226 | Orc:2    | Killed Josephine
 19227 | Orc:2    | Reached skill level 10 in Armour
 19378 | Orc:2    | Found a staircase to the Elven Halls.
 19442 | Orc:2    | Noticed an orc warlord
 19448 | Orc:2    | Killed an orc warlord
 19463 | Orc:2    | Found Wutux's Antique Armour Boutique.
 19466 | Orc:2    | Found Yzet Uhaf's Antique Weapon Shop.
 19585 | Orc:2    | Found Nutzit's Weapon Shoppe.
 19734 | Orc:2    | Noticed Donald
 19753 | Orc:2    | Killed Donald
 20030 | Orc:2    | Found Qaryumer's Book Shop.
 20203 | D:12     | Noticed Frances
 20221 | D:12     | Killed Frances
 21223 | D:12     | Noticed Psyche
 21228 | D:12     | Killed Psyche
 21544 | D:13     | Found a gate to the Vaults.
 21602 | D:13     | Gained mutation: You have a pair of horns on your head.
                  | [demonic ancestry]
 21602 | D:13     | Reached XP level 15. HP: 84/118 MP: 2/24
 22714 | D:14     | Reached skill level 10 in Dodging
 23698 | D:15     | Entered Level 15 of the Dungeon
 23752 | D:15     | Found a staircase to the Depths.
 23887 | D:15     | Learned a level 6 spell: Dispersal
 23956 | D:15     | Reached skill level 1 in Spellcasting
 24547 | Spider:1 | Entered Level 1 of the Spider Nest
 25105 | Spider:1 | Learned a level 1 spell: Slow
 25110 | Spider:1 | Learned a level 4 spell: Dimensional Bullseye
 25142 | Spider:1 | Reached skill level 1 in Hexes
 26509 | Spider:2 | Reached XP level 16. HP: 113/127 MP: 22/25
 28602 | Spider:3 | Reached skill level 15 in Maces & Flails
 28800 | Spider:3 | Reached skill level 1 in Evocations
 29988 | Spider:4 | Entered Level 4 of the Spider Nest
 30659 | Spider:4 | Reached skill level 13 in Invocations
 31235 | Spider:4 | Reached skill level 14 in Invocations
 31920 | Spider:4 | Reached XP level 17. HP: 109/130 MP: 22/27
 32819 | Spider:4 | Got a gossamer rune of Zot
 33742 | Spider:4 | Reached skill level 15 in Invocations
 34049 | Swamp:1  | Entered Level 1 of the Swamp
 34685 | Swamp:2  | Reached skill level 5 in Evocations
 35473 | Swamp:3  | Found a shadowy altar of Dithmenos.
 35589 | Swamp:3  | Found a transporter.
 35610 | Swamp:3  | Noticed Mara
 35622 | Swamp:3  | Noticed RBrandon's illusion
 35629 | Swamp:3  | Noticed Mlioglotl
 35637 | Swamp:3  | Noticed Jorgrun
 35860 | Swamp:4  | Entered Level 4 of the Swamp
 36029 | Swamp:3  | Killed Jorgrun
 36152 | Swamp:4  | Paralysed by a fenstrider witch for 5 turns
 37069 | Swamp:4  | Got a decaying rune of Zot
 37371 | Swamp:3  | Killed Mlioglotl
 37389 | Swamp:3  | Reached XP level 18. HP: 92/146 MP: 10/29
 37486 | Swamp:3  | Found a transporter.
 37491 | Swamp:3  | Noticed RBrandon's illusion
 37506 | Swamp:3  | Killed Mara
 37829 | Swamp:3  | Found a runed translucent door.
 37829 | Swamp:3  | Noticed Ureret's ghost (adept GrFi)
 38073 | Vaults:1 | Entered Level 1 of the Vaults
 38175 | Vaults:1 | Identified the serpent talisman of the Taurataur {Int+3}
 38175 | Vaults:1 | Noticed Aizul
 38211 | Vaults:1 | Killed Aizul
 38434 | Vaults:1 | Found Quiki's Assorted Antiques.
 38434 | Vaults:1 | You fall into a shaft and drop 1 floor!
 39492 | Vaults:2 | Reached skill level 15 in Fighting
 40417 | Vaults:2 | Noticed a lich
 40429 | Vaults:2 | Killed a lich
 40475 | Vaults:2 | Found a staircase to the Crypt.
 40763 | Vaults:1 | Found Juewua's General Store.
 40773 | Vaults:1 | Bought 2 potions of heal wounds for 180 gold pieces
 40784 | Vaults:1 | Bought a phial of floods for 760 gold pieces
 40784 | Vaults:1 | Bought a scroll of enchant weapon for 142 gold pieces
 41025 | Vaults:1 | Reached skill level 1 in Shields
 41097 | Vaults:1 | Found Vaxuar's Jewellery Shoppe.
 41105 | Vaults:1 | Found Roxtit's Weapon Shop.
 41444 | Vaults:1 | Found Deutetezaud's Jewellery Shoppe.
 41462 | Vaults:1 | Bought the ring "Niraib" {Wiz rF+ rN+} for 771 gold pieces
 41786 | Vaults:1 | Reached skill level 5 in Shields
 42575 | Vaults:3 | Gained mutation: You are completely covered in thin
                  | metallic scales. (AC +4, rElec) [demonic ancestry]
 42575 | Vaults:3 | Reached XP level 19. HP: 145/155 MP: 15/30
 42597 | Vaults:3 | Noticed Jory
 42613 | Vaults:3 | Killed Jory
 43577 | Vaults:3 | Reached skill level 10 in Shields
 44607 | Vaults:4 | Noticed Xtahua
 44615 | Vaults:4 | Paralysed by Xtahua for 3 turns
 44629 | Vaults:4 | Killed Xtahua
 45492 | Vaults:4 | Found a runed gate.
 45492 | Vaults:4 | Found a runed gate.
 45492 | Vaults:4 | Found a runed gate.
 45507 | Vaults:4 | Noticed Sojobo
 45518 | Vaults:4 | Paralysed by an air elemental for 1 turns
 45522 | Vaults:4 | Banished Sojobo
 46203 | Vaults:4 | Identified the +1 robe of Darkness {rPois Int+3}
 46217 | Vaults:4 | Found Nihast's Antique Armour Emporium.
 46221 | Vaults:4 | Bought an embroidered cloak for 172 gold pieces
 46970 | Elf:1    | Entered Level 1 of the Elven Halls
 47058 | Elf:1    | Found an ancient bone altar of Kikubaaqudgha.
 47462 | Elf:1    | Paralysed by an air elemental for 1 turns
 47536 | Elf:1    | Gained mutation: You have a pair of large horns on your
                  | head. [demonic ancestry]
 47536 | Elf:1    | Reached XP level 20. HP: 78/162 MP: 23/31
 48222 | Elf:1    | Found Himol's Magic Scroll Boutique.
 48225 | Elf:1    | Found Umpaf's General Store.
 48227 | Elf:1    | Found Huetast's Magic Scroll Boutique.
 48233 | Elf:1    | Bought a scroll of enchant armour for 105 gold pieces
 48233 | Elf:1    | Bought a scroll of blinking for 105 gold pieces
 48233 | Elf:1    | Bought a scroll of fog for 56 gold pieces
 48237 | Elf:1    | Bought a scroll of blinking for 82 gold pieces
 48939 | Elf:2    | Reached skill level 15 in Translocations
 48998 | Elf:1    | Paralysed by an air elemental for 1 turns
 49486 | Elf:2    | Found a runed translucent gate.
 49487 | Elf:2    | Found a runed translucent gate.
 49487 | Elf:2    | Found a runed translucent gate.
 50031 | Elf:3    | Entered Level 3 of the Elven Halls
 50435 | Elf:3    | Identified the +5 rapier of Buwefets {venom, rC+ Will-
                  | Str+5}
 50584 | Elf:3    | Reached skill level 16 in Invocations
 50922 | Elf:3    | Identified the +10 glaive "Hehyt" {flame, Will+ Str+3}
 50945 | Abyss:3  | Cast into level 3 of the Abyss (a deep elf sorcerer)
 51003 | Elf:3    | Escaped the Abyss
 51009 | Elf:3    | Reached skill level 15 in Armour
 51910 | Elf:3    | Gained mutation: Your hexes are more powerful. [demonic
                  | ancestry]
 51910 | Elf:3    | Reached XP level 21. HP: 171/171 MP: 33/33
 51922 | Elf:3    | Learned a level 3 spell: Confusing Touch
 51938 | Elf:3    | Identified the staff of Untimely Demise {Fly rElec rN+
                  | Str+3 Necro}
 52064 | Elf:3    | Got the Lectures on Sickening Reconstruction
 52069 | Elf:3    | Identified the amulet of Suspicion {RegenMP Will+}
 52091 | Elf:3    | Identified the +6 glaive of the Distant Future {freeze,
                  | Int+3}
 52127 | Elf:3    | Identified the staff "Gocys" {rF+ Stlth+ Fire}
 52524 | Depths:1 | Entered Level 1 of the Depths
 52631 | Depths:1 | Noticed Saint Roka
 52663 | Depths:1 | Killed Saint Roka
 52667 | Depths:1 | Reached skill level 5 in Hexes
 52929 | Depths:1 | Noticed a golden dragon
 52934 | Depths:1 | Banished a golden dragon
 53194 | Depths:1 | Identified the +1 chain mail of Dim Light {*Corrode Drain
                  | rPois Dex+5}
 53195 | Depths:1 | Identified the +8 quarterstaff of the Mind {freeze, rN+
                  | rCorr}
 54118 | Depths:1 | Found a gateway to Hell.
 54814 | Depths:2 | Found an ornate altar of the Wu Jian Council.
 54860 | Depths:2 | Reached skill level 10 in Hexes
 55623 | Depths:2 | Found a one-way gate leading to the halls of Pandemonium.
 55632 | Depths:2 | Gained mutation: You occasionally shout uncontrollably at
                  | your foes. [a cacodemon]
 55635 | Depths:2 | Gained mutation: You are occasionally teleported next to
                  | monsters. [a cacodemon]
 55645 | Depths:2 | Lost mutation: You have a somewhat thin skeletal structure.
                  | (Dex +2, Stealth+) [potion of mutation]
 55645 | Depths:2 | Lost mutation: Your mind is acute. (Int +4, Str/Dex -1)
                  | [potion of mutation]
 55645 | Depths:2 | Gained mutation: You are weak. (Str -2) [potion of
                  | mutation]
 55645 | Depths:2 | Gained mutation: You are very weak. (Str -4) [potion of
                  | mutation]
 55645 | Depths:2 | Gained mutation: You expend magic power (3 MP) to
                  | strengthen your wands. [potion of mutation]
 55646 | Depths:2 | Lost mutation: You are occasionally teleported next to
                  | monsters. [potion of mutation]
 55646 | Depths:2 | Lost mutation: You expend magic power (3 MP) to strengthen
                  | your wands. [potion of mutation]
 55646 | Depths:2 | Lost mutation: You occasionally shout uncontrollably at
                  | your foes. [potion of mutation]
 55646 | Depths:2 | Gained mutation: You expend magic power (3 MP) to
                  | strengthen your wands. [potion of mutation]
 55647 | Depths:2 | Lost mutation: You expend magic power (3 MP) to strengthen
                  | your wands. [potion of mutation]
 55647 | Depths:2 | Lost mutation: You are very weak. (Str -4) [potion of
                  | mutation]
 55647 | Depths:2 | Gained mutation: Your spells are a little harder to cast,
                  | but a little more powerful. [potion of mutation]
 55647 | Depths:2 | Gained mutation: You are frail. (-10% HP) [potion of
                  | mutation]
 55647 | Depths:2 | Gained mutation: You are dopey. (Int -2) [potion of
                  | mutation]
 55648 | Depths:2 | Lost mutation: You are weak. (Str -2) [potion of mutation]
 55648 | Depths:2 | Lost mutation: You are dopey. (Int -2) [potion of mutation]
 55648 | Depths:2 | Gained mutation: You have sharp toenails. [potion of
                  | mutation]
 55648 | Depths:2 | Lost mutation: Your spells are a little harder to cast, but
                  | a little more powerful. [potion of mutation]
 55649 | Depths:2 | Lost mutation: You have sharp toenails. [potion of
                  | mutation]
 55649 | Depths:2 | Lost mutation: You are frail. (-10% HP) [potion of
                  | mutation]
 55649 | Depths:2 | Gained mutation: You are weak. (Str -2) [potion of
                  | mutation]
 55649 | Depths:2 | Gained mutation: You occasionally lose the ability to read
                  | scrolls when taking damage. [potion of mutation]
 55649 | Depths:2 | Gained mutation: You are very weak. (Str -4) [potion of
                  | mutation]
 55649 | Depths:2 | Gained mutation: A frigid envelope surrounds you and
                  | freezes all who hurt you. [potion of mutation]
 56090 | Depths:3 | Noticed a golden dragon
 56099 | Depths:3 | Killed a golden dragon
 56721 | Depths:3 | Paralysed by a sphinx for 3 turns
 56945 | Depths:3 | Found a broken altar of Ashenzari.
 57543 | Depths:3 | Found a one-way gateway to a ziggurat.
 57779 | Depths:4 | Entered Level 4 of the Depths
 57813 | Depths:4 | Gained mutation: You are powered by pain. [demonic
                  | ancestry]
 57813 | Depths:4 | Reached XP level 22. HP: 178/178 MP: 34/34
 57846 | Depths:4 | Learned a level 7 spell: Enfeeble
 58150 | Depths:4 | Noticed a golden dragon
 58159 | Depths:4 | Killed a golden dragon
 58170 | Depths:4 | Reached skill level 15 in Hexes
 58353 | Depths:3 | HP: 7/178 [poisoned by a death drake (dark miasma)]
 58917 | Depths:4 | Noticed a golden dragon
 59099 | Depths:4 | Killed a golden dragon
 59207 | Depths:4 | Noticed Vv
 60103 | Depths:4 | Banished Vv
 60525 | Depths:4 | Identified the +2 kite shield of Eternal Vigilance {rPois}
 61039 | Depths:4 | Found a runed translucent gate.
 61040 | Depths:4 | Found a runed translucent gate.
 61041 | Depths:4 | Found a runed translucent gate.
 61042 | Depths:4 | Noticed Rutraf's ghost (veteran DEHs)
 61068 | Depths:4 | Noticed a juggernaut
 61083 | Depths:4 | Killed a juggernaut
 61130 | Depths:4 | Found Sysebojy's Antique Armour Emporium.
 61159 | Depths:4 | Found Guereb's Book Boutique.
 61159 | Depths:4 | Found Qaingeph's Jewellery Shoppe.
 61161 | Depths:4 | Found Ogufodus's Jewellery Shoppe.
 61169 | Depths:4 | Bought a book of the Moon for 680 gold pieces
 61316 | Depths:4 | Identified the death talisman of Meblagec {rElec Int+2}
 61419 | Depths:4 | Reached skill level 5 in Spellcasting
 61854 | Depths:4 | Identified the +1 leather armour of Time Monsters {rElec
                  | Str+3}
 61854 | Depths:4 | Noticed Mennas
 61893 | Depths:4 | Killed Mennas
 61899 | Depths:4 | Learned a level 4 spell: Passage of Golubria
 62030 | Depths:4 | Noticed a golden dragon
 62045 | Depths:4 | Killed a golden dragon
 62272 | Depths:4 | Found a gate to the Realm of Zot.
 62733 | Depths:4 | Killed Rutraf's ghost
 62734 | Depths:4 | Noticed a caustic shrike
 62734 | Depths:4 | Noticed a caustic shrike
 62735 | Depths:4 | Noticed a caustic shrike
 62736 | Depths:4 | Noticed a caustic shrike
 63015 | Depths:4 | Identified the +1 pair of boots "Sofuk" {rC- Int+3 SInv}
 63310 | Vaults:2 | Learned a level 5 spell: Yara's Violent Unravelling
 63319 | Crypt:1  | Entered Level 1 of the Crypt
 63429 | Crypt:1  | Gained mutation: Your melee attacks may debilitate your
                  | foes. [demonic ancestry]
 63429 | Crypt:1  | Reached XP level 23. HP: 153/184 MP: 32/36
 63429 | Crypt:1  | Lost mutation: You occasionally lose the ability to read
                  | scrolls when taking damage. [potion of mutation]
 63429 | Crypt:1  | Lost mutation: A frigid envelope surrounds you and freezes
                  | all who hurt you. [potion of mutation]
 63429 | Crypt:1  | Lost mutation: You are very weak. (Str -4) [potion of
                  | mutation]
 63429 | Crypt:1  | Gained mutation: Your spells are a little easier to cast,
                  | but a little less powerful. [potion of mutation]
 63430 | Crypt:1  | Lost mutation: You are weak. (Str -2) [potion of mutation]
 63430 | Crypt:1  | Lost mutation: Your spells are a little easier to cast, but
                  | a little less powerful. [potion of mutation]
 63430 | Crypt:1  | Gained mutation: You are clumsy. (Dex -2) [potion of
                  | mutation]
 63430 | Crypt:1  | Gained mutation: Your spells are a little easier to cast,
                  | but a little less powerful. [potion of mutation]
 63430 | Crypt:1  | Gained mutation: You sometimes lose your temper in combat.
                  | [potion of mutation]
 63704 | Crypt:1  | Noticed Khufu
 63704 | Crypt:1  | Noticed a royal mummy
 63704 | Crypt:1  | Noticed a royal mummy
 63731 | Crypt:1  | Killed a royal mummy
 63731 | Crypt:1  | Killed a royal mummy
 63984 | Crypt:1  | Killed Khufu
 64295 | Crypt:1  | Paralysed by a vampire knight for 5 turns
 65104 | Crypt:2  | Identified the +7 falchion "Ustrirysa" {elec, Str+3}
 66118 | Crypt:3  | Entered Level 3 of the Crypt
 66448 | Crypt:3  | Found a staircase to the Tomb.
 67490 | Crypt:3  | Found an ancient bone altar of Kikubaaqudgha.
 67503 | Crypt:3  | Noticed a royal mummy
 67547 | Crypt:3  | Killed a royal mummy
 67884 | Crypt:3  | Got The Final Anthology of of Witchery
 67914 | Crypt:3  | Identified the +6 war axe "Worm" {flame, *Rage rC+ Str+5}
 67915 | Crypt:3  | Identified the +3 war axe "Nirisi" {holy, rElec}
 67917 | Crypt:3  | Identified the staff of Sudden Death {Drain rElec rC+ Int+5
                  | SInv Ice}
 69273 | Slime:1  | Entered Level 1 of the Pits of Slime
 69403 | Slime:2  | Reached skill level 17 in Invocations
 70232 | Slime:5  | Entered Level 5 of the Pits of Slime
 70380 | Slime:5  | Noticed the Royal Jelly
 70417 | Slime:5  | Reached skill level 15 in Dodging
 70464 | Slime:5  | Found a viscous altar of Jiyva.
 70673 | Slime:5  | Found the +9 sword of Power {lifebolt}
 70695 | Slime:5  | Killed the Royal Jelly
 70718 | Slime:5  | Identified the ring of Nolaixoq {Contam rN+ Str+2 Int+6}
 70734 | Slime:5  | Identified the ring "Vypt" {Str+4 Int+6 Dex+4}
 70736 | Slime:5  | Got a slimy rune of Zot
 70828 | Slime:5  | Got Ililulid's Parchment of the Damned
 70868 | Slime:5  | Identified the +7 short sword of Bankruptcy {venom, Fragile
                  | Str+5 Dex+2}
 70915 | Slime:5  | Identified the +9 sling of the Hurtling Priest {freeze,
                  | rN++}
 70959 | Slime:5  | Identified the +0 robe of the Mauling Gods {rPois}
 70962 | Slime:5  | Identified the +5 rapier of Riugorinly {venom, *Corrode rN+
                  | Str+4}
 71029 | Slime:5  | Reached XP level 24. HP: 168/193 MP: 36/36
 71856 | Vaults:5 | Entered Level 5 of the Vaults
 71863 | Vaults:5 | Noticed a dread lich
 71863 | Vaults:5 | Found the +13 scythe of Curses {drain, curses, Drain}
 71869 | Vaults:5 | Killed a dread lich
 72014 | Vaults:5 | Identified the +3 scale mail "Astru Forgh" {rC+}
 72033 | Vaults:5 | Identified the +0 scale mail of the Majestic God {Regen+
                  | Slay-6 SInv}
 72470 | Vaults:5 | Identified the +6 battleaxe of Peril {freeze, rCorr Str+2
                  | Dex+7 Stlth-}
 72490 | Vaults:5 | Reached skill level 18 in Invocations
 72555 | Vaults:5 | Identified the +7 mace of Big Damage {speed, +Blink rN++
                  | Dex-3}
 72636 | Vaults:5 | Noticed an ancient lich
 72656 | Vaults:5 | Killed an ancient lich
 72899 | Vaults:5 | Paralysed by a sphinx for 2 turns
 73543 | Vaults:5 | Identified the +3 scale mail of the Kettle-Drum {*Corrode
                  | rElec MP+9}
 73622 | Vaults:5 | Identified the +4 bardiche "Gygid" {heavy, SInv}
 73939 | Vaults:5 | Identified the ring "Elewi" {Fire rElec Str+3}
 73969 | Vaults:5 | Reached skill level 10 in Evocations
 74767 | Vaults:5 | Gained mutation: You are frail. (-10% HP) [a shining eye]
 74871 | Vaults:5 | Got a silver rune of Zot
 74881 | Vaults:5 | Identified the +0 scale mail of Nemelex Xobeh's Whim {rC+
                  | Int+5}
 75561 | Hell     | Entered the Vestibule of Hell
 75561 | Hell     | Noticed Geryon
 75572 | Hell     | Reached skill level 5 in Shapeshifting
 75578 | Hell     | Reached XP level 25. HP: 141/180 MP: 27/36
 76396 | Hell     | Killed Geryon
 76919 | Hell     | Found a gateway to the ashen valley of Gehenna.
 77080 | Hell     | Found a gateway to the Iron City of Dis.
 77360 | Hell     | Found a gateway to the freezing wastes of Cocytus.
 77453 | Hell     | Found a gateway to the decaying netherworld of Tartarus.
 77680 | Zot:1    | Entered Level 1 of the Realm of Zot
 78673 | Zot:2    | Noticed an orb of fire
 78681 | Zot:2    | Noticed Grunn
 78689 | Zot:2    | Killed Grunn
 78692 | Zot:2    | Killed an orb of fire
 78696 | Zot:2    | Reached skill level 10 in Shapeshifting
 79379 | Zot:2    | Noticed a dread lich
 79399 | Zot:2    | Paralysed by something for 4 turns
 79412 | Zot:2    | Killed a dread lich
 79876 | Zot:2    | Identified the +11 scale mail of the End {Harm rElec Str-4
                  | Dex+3}
 80716 | Zot:3    | Acquired 837 gold pieces
 83121 | Zot:4    | Reached skill level 19 in Invocations
 83188 | Zot:4    | Reached XP level 26. HP: 159/188 MP: 20/36
 83448 | Zot:4    | Got the Thoughts on Blasts
 83716 | Zot:4    | Identified the +5 arbalest of Bumoor {flame, rN+ MP+9 SInv}
 83774 | Zot:5    | Entered Level 5 of the Realm of Zot
 85022 | Zot:5    | Noticed an ancient lich
 85044 | Zot:5    | Killed an ancient lich
 85313 | Zot:5    | Noticed an orb of fire
 85322 | Zot:5    | Gained mutation: Your muscles are strong. (Str +4, Int/Dex
                  | -1) [an orb of fire]
 85329 | Zot:5    | Killed an orb of fire
 85339 | Zot:5    | Noticed an ancient lich
 85357 | Zot:5    | Killed an ancient lich
 85552 | Zot:5    | Noticed an orb of fire
 85559 | Zot:5    | Reached skill level 20 in Invocations
 85559 | Zot:5    | Killed an orb of fire
 85710 | Zot:5    | Noticed a dread lich
 85750 | Zot:5    | Killed a dread lich
 86017 | Zot:5    | Noticed a dread lich
 86318 | Zot:5    | Noticed an orb of fire
 86326 | Zot:5    | Lost mutation: Your muscles are strong. (Str +4, Int/Dex
                  | -1) [an orb of fire]
 86334 | Zot:5    | Gained mutation: You have an uncontrollable temper. [an orb
                  | of fire]
 86337 | Zot:5    | Killed an orb of fire
 86372 | Zot:5    | Killed a dread lich
 86740 | Zot:5    | Noticed an ancient lich
 86753 | Zot:5    | Killed an ancient lich
 86976 | Zot:5    | Noticed a dread lich
 86988 | Zot:5    | Killed a dread lich
 87048 | Zot:5    | Got the Orb of Zot
 87284 | Depths:3 | Noticed an ancient lich
 87628 | D:11     | Noticed Ejestreti the pandemonium lord
 87684 | D:10     | Killed Ejestreti the pandemonium lord
 87779 | D:8      | Gained mutation: You are surrounded by an aura of silence.
                  | [demonic ancestry]
 87779 | D:8      | Reached XP level 27. HP: 97/198 MP: 37/37
 87862 | D:8      | Noticed Qeelih the pandemonium lord
 88006 | D:$      | Escaped with the Orb!

Illustrated notes

Levels and vault maps discovered:
D:1:      dpeg_arrival_tiny_a, layout_loops_corners
D:2:      layout_basic, basic_altar, serial_shops, nicolae_shop_tiny_glass,
          hangedman_feature_mirror, uniq_terence
D:3:      layout_rooms, overflow_temple_1_default, minmay_gold_behind_fungi,
          chequers_mini_garden, uniq_ijyb
D:4:      layout_basic, uniq_edmund
D:5:      layout_gridville, marbit_many_paths, minmay_temple_entry_tees,
          serial_shops, nicolae_shop_scrapyard, hellmonk_no_cap
D:6:      layout_basic, ebering_dispersal_statue_hall, uniq_maggie,
          uniq_menkaure
D:7:      layout_basic, nicolae_overflow_squiral,
          nicolae_qazlal_general_emergency, st_stairs_12, grunt_decor_arrowhead,
          minmay_crossroads
D:8:      layout_layer_cave
D:9:      layout_stronghold, nicolae_overflow_crystal_walls, serial_shops, shop,
          shop, shop, shop, nicolae_shop_tiny_glass,
          minmay_misc_feat_secret_circle, minivault_14, minmay_orc_keep,
          uniq_erolcha
D:10:     layout_gridville, hangedman_misty_isle
D:11:     layout_basic, lair_entry_dummy, david_orc_4, uniq_lodul
D:12:     layout_loops_corners, grunt_decor_one_mirror, uniq_frances,
          uniq_psyche
D:13:     layout_irregular_city, david_vaults_3
D:14:     layout_loops_ring, serial_park_tiny_2, small_chamber_with_monster
D:15:     grunt_enter_depths_hoard, layout_cave_pools, hangedman_decor_lopped,
          serial_glass, glass_columns_b, glass_columns_b
Temple:   nicolae_temple_elliptical
Lair:1:   layout_hall_layers, beast_lair_carwin_6
Lair:2:   layout_cave_pods, nicolae_spider_entry_non_spiders,
          dreamdust_mushroom_princess
Lair:3:   layout_chaotic_city, palyth_hydra_swamp_entry, serial_bayou_shore_b,
          serial_bayou_shore_a
Lair:4:   layout_roguey, slime_entry_1, grunt_megastairs_1,
          infiniplex_staircase_pool
Lair:5:   cheibrodos_lair_end_hotspot, layout_cave_shapes, serial_bayou_pond_a,
          chequers_serial_rivers_micro_b, minivault_24,
          chequers_serial_rivers_micro_b, uniq_sonja, uniq_urug
Swamp:1:  layout_basic_swamp, evilmike_swamp_ruin_house_4,
          infiniplex_staircase_pool_2
Swamp:2:  layout_basic_swamp, evilmike_swamp_ruin_house_2, swamp_pool_1_2
Swamp:3:  gammafunk_worm_tunnel, layout_falls_marsh, gammafunk_ghost_grave,
          nicolae_swamp_godswood, uniq_jorgrun, uniq_mlioglotl, uniq_mara
Swamp:4:  swamp, layout_basic_swamp, swamp_pool_1_2
Spider:1: layout_spider_delve
Spider:2: nicolae_spider_hilbert_zone_5 [nicolae_spider_hilbert_3_sides_1_open,
          nicolae_spider_hilbert_4_sides_1_open,
          nicolae_spider_hilbert_4_sides_1_open,
          nicolae_spider_hilbert_6_sides_1_open,
          nicolae_spider_hilbert_6_sides_1_open], drop_trap,
          hangedman_spider_mandibles
Spider:3: layout_spider_delve, drop_trap
Spider:4: guppyfry_spider_rune
Slime:1:  layout_caves
Slime:2:  layout_caves, nicolae_slime_barrier
Slime:3:  layout_caves
Slime:4:  layout_caves
Slime:5:  slime_pit_nicolae_trefoil
Orc:1:    layout_diamond_mine, basic_altar, gammafunk_ghost_abyssal_escape
Orc:2:    grunt_orc_community_town_hall, layout_diamond_mine,
          grunt_orc_community_big_house_2, grunt_orc_community_big_house_1,
          grunt_orc_community_house_1, grunt_orc_community_house_2,
          grunt_orc_community_house_1, grunt_orc_community_house_1,
          grunt_orc_community_house_1, grunt_orc_community_house_3,
          gauntlet_entry_generic, serial_shops, nicolae_shop_back_alley_shop,
          uniq_donald, uniq_josephine
Elf:1:    layout_geoelf_grid, basic_altar, minivault_28, grunt_ministairs_11,
          dilly_guarded_unrand_elemental_staff, minmay_shop_star
Elf:2:    nicolae_elf_blades_crystal_corner, layout_loops_corners, st_stairs_3
Elf:3:    elf_hall, layout_loops_cross
Vaults:1: nicolae_vaults_stepped_doors, v_misc_22, hangedman_vaults_nails,
          vaults_dpeg_encased_lava, v_misc_26, nicolae_vaults_asterisk,
          ontoclasm_vaults_ligature, vaults_room_ringed_pool, v_misc_30,
          nicolae_vaults_surprise_closet, nicolae_vaults_meiosis,
          nicolae_vaults_know_your_exits, nicolae_vaults_tetromino_Z_1,
          layout_vaults_omnibox, serial_shops, shop, shop,
          nicolae_shop_bloodbath_and_beyond, nicolae_shop_window_shopping, shop,
          uniq_aizul
Vaults:2: nicolae_vaults_specimen_jars, minmay_crypt_entry_nasty_monster,
          vaults_standard_mumra_lines, nicolae_vaults_trapezoid_layered,
          nicolae_vaults_alarming, v_misc_1, ontoclasm_vaults_gateway,
          nicolae_vaults_prndl, nicolae_vaults_little_squares_6,
          ontoclasm_vaults_fault, nicolae_vaults_network_periphery,
          vaults_dpeg_ring, ontoclasm_vaults_bender, nicolae_vaults_network_s,
          nicolae_vaults_apartment_1, nicolae_vaults_little_squares_1,
          layout_vaults_ring
Vaults:3: nicolae_vaults_more_shelving_2, grunt_vaults_focal, st_squares,
          nicolae_vaults_closet_pinwheel_1, nicolae_vaults_closet_pinwheel_5,
          vaults_room_fours, layout_vaults_omnigrid, uniq_jory
Vaults:4: ontoclasm_vaults_decontamination, abrahamwl_protected_by_tso_2,
          ontoclasm_vaults_idyll, hangedman_vaults_slice,
          nicolae_vaults_sesquioval_fish, hangedman_vaults_river_flow,
          nicolae_vaults_yaktaur_gun_rack, v_alt_pattern_3,
          nicolae_vaults_shelves_hall, ontoclasm_vaults_loading_screen,
          nicolae_vaults_little_ls, layout_vaults_big_room, serial_shops,
          nicolae_shop_pleasant_corner_grove, uniq_sojobo, uniq_xtahua
Vaults:5: serial_shops
Crypt:1:  layout_chaotic_city, grunt_crypt_arrival_split, uniq_khufu
Crypt:2:  layout_gridlike
Crypt:3:  church_of_pain_bobbens, layout_chaotic_city
Depths:1: layout_gridlike, nicolae_titane, hellmouth_2, minivault_16,
          hangedman_abyss_or_decor_stagger, minmay_checkered_concentric_circles,
          uniq_saint_roka
Depths:2: minmay_connected_triangles_in_corner, layout_cave_shapes,
          grunt_pan_entry_zigzag, nzn_wu_jian_contemplation, hell_entry
Depths:3: minmay_the_grid_net [minmay_the_grid_gridbox, minmay_the_grid_airy,
          minmay_the_grid_odd_star, minmay_the_grid_x, minmay_the_grid_box_x,
          minmay_the_grid_prize_four_corners], layout_twisted_cross,
          enter_ziggurat_a, hangedman_coc_ice_floe, lemuel_round_altar,
          pan_entry, abyss_entry, infiniplex_staircase_pillars_1
Depths:4: lemuel_castle_with_subvaults [lemuel_castle_interior_carwin_1],
          layout_basic, nicolae_wwwww, serial_shops,
          nicolae_shop_just_a_little_nook, gammafunk_ghost_tricky_traps,
          hell_entry, minmay_shop_grove, uniq_josephina, uniq_mennas, uniq_vv
Hell
Zot:1:    layout_basic, regret_index_zotdec_slimy_original,
          st_single_dragon_hoard_2
Zot:2:    hellmonk_crystal_mountain, layout_gridlike,
          hangedman_elemental_corridor, grunt_megastairs_4, uniq_grunn
Zot:3:    layout_misc_corridors, hangedman_zot_wheel_spokes, grunt_megastairs_5
Zot:4:    grunt_twist_and_shout, layout_onion_interference
Zot:5:    layout_twisted_circle, nicolae_tricolors

Skill      XL: |  1  2  3  4  5  6  7  8  9 10 11 12 13 14 15 16 17 18 19 20 21 22 23 24 25 26 27 |
---------------+----------------------------------------------------------------------------------+-----
Shapeshifting  | 3 4 5 12 | 12.3
Dodging        | 2 3 8 10 15 16 17 | 17.4
Throwing       | 1 2 |  2.0
Fighting       | 2 4 5 8 11 12 14 15 16 17 18 19 | 19.0
Armour         | 3 7 9 11 13 14 15 16 17 | 17.7
Maces & Flails | 2 3 7 13 14 15 16 | 16.0
Invocations    | 8 10 11 12 14 15 16 17 18 19 20 | 20.9
Translocations | 10 11 13 15 | 15.3
Spellcasting   | 4 9 |  9.2
Hexes          | 4 13 16 17 | 17.7
Evocations     | 4 7 11 | 11.2
Shields        | 6 12 | 12.6
Unarmed Combat | |  2.6

Action                     |  1- 3 |  4- 6 |  7- 9 | 10-12 | 13-15 | 16-18 | 19-21 | 22-24 | 25-27 || total
---------------------------+-------+-------+-------+-------+-------+-------+-------+-------+-------++-------
  Melee: Unarmed           |   119 |    58 |       |       |       |       |       |       |       ||   177
         Punch             |     5 |       |       |       |       |    21 |       |       |       ||    26
         Headbutt          |     6 |    18 |    51 |   156 |   312 |   464 |   276 |   425 |   318 ||  2026
         Club              |       |    21 |     6 |       |       |       |       |       |       ||    27
         Dire flail        |       |       |   240 |   637 |  1232 |  1079 |       |       |       ||  3188
         Morningstar       |       |       |       |       |    13 |   655 |  1439 |  1694 |  1167 ||  4968
  Throw: Dart              |       |     6 |     3 |     4 |     1 |     1 |       |     2 |       ||    17
         Javelin           |       |       |       |       |       |       |       |     3 |       ||     3
   Cast: Manifold Assault  |       |       |       |       |    46 |    76 |   187 |   175 |   116 ||   600
         Dimensional Bulls |       |       |       |       |     1 |     1 |       |     2 |       ||     4
         Slow              |       |       |       |       |       |    14 |       |       |       ||    14
         Dispersal         |       |       |       |       |       |     9 |     2 |     1 |     2 ||    14
         Blink             |       |       |       |       |       |     9 |     2 |    12 |     7 ||    30
         Confusing Touch   |       |       |       |       |       |       |     1 |       |     1 ||     2
         Enfeeble          |       |       |       |       |       |       |       |    34 |    45 ||    79
         Passage of Golubr |       |       |       |       |       |       |       |    10 |     5 ||    15
         Yara's Violent Un |       |       |       |       |       |       |       |    14 |     8 ||    22
 Invoke: Stomp             |       |       |     4 |    29 |    50 |    30 |    12 |    18 |       ||   143
         Line Pass         |       |       |     2 |     2 |     3 |       |     1 |       |       ||     8
         Grand Finale      |       |       |       |     1 |     1 |     3 |     4 |     2 |     1 ||    12
Ability: Begin Untransform |       |       |       |     1 |       |       |       |       |       ||     1
  Evoke: Wand              |       |     3 |     4 |    18 |    18 |    10 |       |    16 |     3 ||    72
         Lightning rod     |       |       |       |       |     4 |    10 |     4 |    12 |     4 ||    34
         Phantom mirror    |       |       |       |       |       |     1 |     2 |     1 |     1 ||     5
         Phial of floods   |       |       |       |       |       |       |     2 |       |       ||     2
         Tin of tremorston |       |       |       |       |       |       |       |     2 |       ||     2
         Horn of Geryon    |       |       |       |       |       |       |       |       |     3 ||     3
         Sack of spiders   |       |       |       |       |       |       |       |       |     3 ||     3
    Use: Potion            |     1 |       |     8 |     3 |     2 |    11 |    19 |     7 |     6 ||    57
         Scroll            |       |       |       |    16 |     8 |    16 |     8 |     8 |     6 ||    62
   Stab: Sleeping          |     2 |     1 |       |       |       |       |       |       |       ||     3
         Distracted        |       |     1 |       |       |       |     4 |     2 |     5 |     3 ||    15
         Paralysed         |       |       |     5 |    52 |    96 |   105 |   105 |   134 |    77 ||   574
         Confused          |       |       |       |       |     2 |       |       |       |     1 ||     3
         Invisible         |       |       |       |       |       |     3 |       |    11 |    23 ||    37
 Armour: Animal skin       |    44 |    32 |       |       |       |       |       |       |       ||    76
         Skin              |     7 |       |       |       |       |       |       |       |       ||     7
         Chain mail        |       |       |   242 |   442 |  1006 |  1696 |   641 |   894 |   852 ||  5773
         Scale mail        |       |       |     4 |       |       |       |       |       |       ||     4
  Dodge: Dodged            |    72 |    47 |   120 |   218 |   583 |   790 |   287 |   507 |   597 ||  3221
  Block: Kite shield       |       |       |       |       |       |    50 |   484 |   454 |   268 ||  1256
         Reflection        |       |       |       |       |       |     2 |    78 |       |       ||    80

Table legend: (Time is in decaauts)
 A = Elapsed time spent in this place.
 B = Non-inter-level travel time spent in this place.
 C = Inter-level travel time spent in this place.
 D = Time resting spent in this place.
 E = Time spent auto-exploring this place.
 F = Levels seen in this place.
 G = Mean time per level.
                   A        B        C        D        E       F      G
               +--------+--------+--------+--------+--------+-----+--------+
         Total |  86864 |  81284 |   5580 |  21340 |  42669 |  59 | 1472.3 |
       Dungeon |  16042 |  14375 |   1667 |   1390 |  10008 |  15 | 1069.5 |
        Temple |     35 |      9 |     26 |      0 |      0 |   1 |   35.0 |
          Lair |   6943 |   6192 |    751 |    717 |   4215 |   5 | 1388.6 |
         Swamp |   3905 |   3691 |    214 |   1053 |   1737 |   4 |  976.2 |
   Spider Nest |   9127 |   8869 |    258 |   2900 |   4497 |   4 | 2281.8 |
    Slime Pits |   2355 |   2242 |    113 |    515 |   1095 |   5 |  471.0 |
  Orcish Mines |   2069 |   1817 |    252 |    151 |   1130 |   2 | 1034.5 |
   Elven Halls |   5196 |   5011 |    185 |   1284 |   2578 |   3 | 1732.0 |
        Vaults |  12515 |  11871 |    644 |   3493 |   5947 |   5 | 2503.0 |
         Crypt |   5250 |   5091 |    159 |   1106 |   2728 |   3 | 1750.0 |
        Depths |  12467 |  11466 |   1001 |   4815 |   4679 |   4 | 3116.8 |
          Hell |    821 |    799 |     22 |    110 |    476 |   1 |  821.0 |
           Zot |   9519 |   9237 |    282 |   3704 |   3440 |   5 | 1903.8 |
         Abyss |     39 |     39 |      0 |      0 |      0 |   1 |   39.0 |
      Gauntlet |    573 |    573 |      0 |     98 |    136 |   1 |  573.0 |
               +--------+--------+--------+--------+--------+-----+--------+

Top non-repeatable levels by time:
Depths:4: 4935 daAuts
Depths:3: 3604 daAuts
Vaults:5: 3324 daAuts
Spider:4: 3121 daAuts
   Zot:5: 3003 daAuts
Vaults:2: 2711 daAuts
Vaults:4: 2370 daAuts
Depths:1: 2343 daAuts
 Crypt:3: 2340 daAuts
Vaults:3: 2255 daAuts
   Zot:3: 2216 daAuts
Spider:3: 2124 daAuts
Spider:2: 1992 daAuts
   Elf:1: 1908 daAuts
   Elf:3: 1894 daAuts

Levels and vault maps discovered:
D:1:      dpeg_arrival_tiny_a, layout_loops_corners
D:2:      layout_basic, basic_altar, serial_shops, nicolae_shop_tiny_glass,
          hangedman_feature_mirror, uniq_terence
D:3:      layout_rooms, overflow_temple_1_default, minmay_gold_behind_fungi,
          chequers_mini_garden, uniq_ijyb
D:4:      layout_basic, uniq_edmund
D:5:      layout_gridville, marbit_many_paths, minmay_temple_entry_tees,
          serial_shops, nicolae_shop_scrapyard, hellmonk_no_cap
D:6:      layout_basic, ebering_dispersal_statue_hall, uniq_maggie,
          uniq_menkaure
D:7:      layout_basic, nicolae_overflow_squiral,
          nicolae_qazlal_general_emergency, st_stairs_12, grunt_decor_arrowhead,
          minmay_crossroads
D:8:      layout_layer_cave
D:9:      layout_stronghold, nicolae_overflow_crystal_walls, serial_shops, shop,
          shop, shop, shop, nicolae_shop_tiny_glass,
          minmay_misc_feat_secret_circle, minivault_14, minmay_orc_keep,
          uniq_erolcha
D:10:     layout_gridville, hangedman_misty_isle
D:11:     layout_basic, lair_entry_dummy, david_orc_4, uniq_lodul
D:12:     layout_loops_corners, grunt_decor_one_mirror, uniq_frances,
          uniq_psyche
D:13:     layout_irregular_city, david_vaults_3
D:14:     layout_loops_ring, serial_park_tiny_2, small_chamber_with_monster
D:15:     grunt_enter_depths_hoard, layout_cave_pools, hangedman_decor_lopped,
          serial_glass, glass_columns_b, glass_columns_b
Temple:   nicolae_temple_elliptical
Lair:1:   layout_hall_layers, beast_lair_carwin_6
Lair:2:   layout_cave_pods, nicolae_spider_entry_non_spiders,
          dreamdust_mushroom_princess
Lair:3:   layout_chaotic_city, palyth_hydra_swamp_entry, serial_bayou_shore_b,
          serial_bayou_shore_a
Lair:4:   layout_roguey, slime_entry_1, grunt_megastairs_1,
          infiniplex_staircase_pool
Lair:5:   cheibrodos_lair_end_hotspot, layout_cave_shapes, serial_bayou_pond_a,
          chequers_serial_rivers_micro_b, minivault_24,
          chequers_serial_rivers_micro_b, uniq_sonja, uniq_urug
Swamp:1:  layout_basic_swamp, evilmike_swamp_ruin_house_4,
          infiniplex_staircase_pool_2
Swamp:2:  layout_basic_swamp, evilmike_swamp_ruin_house_2, swamp_pool_1_2
Swamp:3:  gammafunk_worm_tunnel, layout_falls_marsh, gammafunk_ghost_grave,
          nicolae_swamp_godswood, uniq_jorgrun, uniq_mlioglotl, uniq_mara
Swamp:4:  swamp, layout_basic_swamp, swamp_pool_1_2
Spider:1: layout_spider_delve
Spider:2: nicolae_spider_hilbert_zone_5 [nicolae_spider_hilbert_3_sides_1_open,
          nicolae_spider_hilbert_4_sides_1_open,
          nicolae_spider_hilbert_4_sides_1_open,
          nicolae_spider_hilbert_6_sides_1_open,
          nicolae_spider_hilbert_6_sides_1_open], drop_trap,
          hangedman_spider_mandibles
Spider:3: layout_spider_delve, drop_trap
Spider:4: guppyfry_spider_rune
Slime:1:  layout_caves
Slime:2:  layout_caves, nicolae_slime_barrier
Slime:3:  layout_caves
Slime:4:  layout_caves
Slime:5:  slime_pit_nicolae_trefoil
Orc:1:    layout_diamond_mine, basic_altar, gammafunk_ghost_abyssal_escape
Orc:2:    grunt_orc_community_town_hall, layout_diamond_mine,
          grunt_orc_community_big_house_2, grunt_orc_community_big_house_1,
          grunt_orc_community_house_1, grunt_orc_community_house_2,
          grunt_orc_community_house_1, grunt_orc_community_house_1,
          grunt_orc_community_house_1, grunt_orc_community_house_3,
          gauntlet_entry_generic, serial_shops, nicolae_shop_back_alley_shop,
          uniq_donald, uniq_josephine
Elf:1:    layout_geoelf_grid, basic_altar, minivault_28, grunt_ministairs_11,
          dilly_guarded_unrand_elemental_staff, minmay_shop_star
Elf:2:    nicolae_elf_blades_crystal_corner, layout_loops_corners, st_stairs_3
Elf:3:    elf_hall, layout_loops_cross
Vaults:1: nicolae_vaults_stepped_doors, v_misc_22, hangedman_vaults_nails,
          vaults_dpeg_encased_lava, v_misc_26, nicolae_vaults_asterisk,
          ontoclasm_vaults_ligature, vaults_room_ringed_pool, v_misc_30,
          nicolae_vaults_surprise_closet, nicolae_vaults_meiosis,
          nicolae_vaults_know_your_exits, nicolae_vaults_tetromino_Z_1,
          layout_vaults_omnibox, serial_shops, shop, shop,
          nicolae_shop_bloodbath_and_beyond, nicolae_shop_window_shopping, shop,
          uniq_aizul
Vaults:2: nicolae_vaults_specimen_jars, minmay_crypt_entry_nasty_monster,
          vaults_standard_mumra_lines, nicolae_vaults_trapezoid_layered,
          nicolae_vaults_alarming, v_misc_1, ontoclasm_vaults_gateway,
          nicolae_vaults_prndl, nicolae_vaults_little_squares_6,
          ontoclasm_vaults_fault, nicolae_vaults_network_periphery,
          vaults_dpeg_ring, ontoclasm_vaults_bender, nicolae_vaults_network_s,
          nicolae_vaults_apartment_1, nicolae_vaults_little_squares_1,
          layout_vaults_ring
Vaults:3: nicolae_vaults_more_shelving_2, grunt_vaults_focal, st_squares,
          nicolae_vaults_closet_pinwheel_1, nicolae_vaults_closet_pinwheel_5,
          vaults_room_fours, layout_vaults_omnigrid, uniq_jory
Vaults:4: ontoclasm_vaults_decontamination, abrahamwl_protected_by_tso_2,
          ontoclasm_vaults_idyll, hangedman_vaults_slice,
          nicolae_vaults_sesquioval_fish, hangedman_vaults_river_flow,
          nicolae_vaults_yaktaur_gun_rack, v_alt_pattern_3,
          nicolae_vaults_shelves_hall, ontoclasm_vaults_loading_screen,
          nicolae_vaults_little_ls, layout_vaults_big_room, serial_shops,
          nicolae_shop_pleasant_corner_grove, uniq_sojobo, uniq_xtahua
Vaults:5: serial_shops
Crypt:1:  layout_chaotic_city, grunt_crypt_arrival_split, uniq_khufu
Crypt:2:  layout_gridlike
Crypt:3:  church_of_pain_bobbens, layout_chaotic_city
Depths:1: layout_gridlike, nicolae_titane, hellmouth_2, minivault_16,
          hangedman_abyss_or_decor_stagger, minmay_checkered_concentric_circles,
          uniq_saint_roka
Depths:2: minmay_connected_triangles_in_corner, layout_cave_shapes,
          grunt_pan_entry_zigzag, nzn_wu_jian_contemplation, hell_entry
Depths:3: minmay_the_grid_net [minmay_the_grid_gridbox, minmay_the_grid_airy,
          minmay_the_grid_odd_star, minmay_the_grid_x, minmay_the_grid_box_x,
          minmay_the_grid_prize_four_corners], layout_twisted_cross,
          enter_ziggurat_a, hangedman_coc_ice_floe, lemuel_round_altar,
          pan_entry, abyss_entry, infiniplex_staircase_pillars_1
Depths:4: lemuel_castle_with_subvaults [lemuel_castle_interior_carwin_1],
          layout_basic, nicolae_wwwww, serial_shops,
          nicolae_shop_just_a_little_nook, gammafunk_ghost_tricky_traps,
          hell_entry, minmay_shop_grove, uniq_josephina, uniq_mennas, uniq_vv
Hell
Zot:1:    layout_basic, regret_index_zotdec_slimy_original,
          st_single_dragon_hoard_2
Zot:2:    hellmonk_crystal_mountain, layout_gridlike,
          hangedman_elemental_corridor, grunt_megastairs_4, uniq_grunn
Zot:3:    layout_misc_corridors, hangedman_zot_wheel_spokes, grunt_megastairs_5
Zot:4:    grunt_twist_and_shout, layout_onion_interference
Zot:5:    layout_twisted_circle, nicolae_tricolors

Table legend: (Time is in decaauts)
 A = Elapsed time spent in this place.
 B = Non-inter-level travel time spent in this place.
 C = Inter-level travel time spent in this place.
 D = Time resting spent in this place.
 E = Time spent auto-exploring this place.
 F = Levels seen in this place.
 G = Mean time per level.
                   A        B        C        D        E       F      G
               +--------+--------+--------+--------+--------+-----+--------+
         Total |  86864 |  81284 |   5580 |  21340 |  42669 |  59 | 1472.3 |
       Dungeon |  16042 |  14375 |   1667 |   1390 |  10008 |  15 | 1069.5 |
        Temple |     35 |      9 |     26 |      0 |      0 |   1 |   35.0 |
          Lair |   6943 |   6192 |    751 |    717 |   4215 |   5 | 1388.6 |
         Swamp |   3905 |   3691 |    214 |   1053 |   1737 |   4 |  976.2 |
   Spider Nest |   9127 |   8869 |    258 |   2900 |   4497 |   4 | 2281.8 |
    Slime Pits |   2355 |   2242 |    113 |    515 |   1095 |   5 |  471.0 |
  Orcish Mines |   2069 |   1817 |    252 |    151 |   1130 |   2 | 1034.5 |
   Elven Halls |   5196 |   5011 |    185 |   1284 |   2578 |   3 | 1732.0 |
        Vaults |  12515 |  11871 |    644 |   3493 |   5947 |   5 | 2503.0 |
         Crypt |   5250 |   5091 |    159 |   1106 |   2728 |   3 | 1750.0 |
        Depths |  12467 |  11466 |   1001 |   4815 |   4679 |   4 | 3116.8 |
          Hell |    821 |    799 |     22 |    110 |    476 |   1 |  821.0 |
           Zot |   9519 |   9237 |    282 |   3704 |   3440 |   5 | 1903.8 |
         Abyss |     39 |     39 |      0 |      0 |      0 |   1 |   39.0 |
      Gauntlet |    573 |    573 |      0 |     98 |    136 |   1 |  573.0 |
               +--------+--------+--------+--------+--------+-----+--------+

Top non-repeatable levels by time:
Depths:4: 4935 daAuts
Depths:3: 3604 daAuts
Vaults:5: 3324 daAuts
Spider:4: 3121 daAuts
   Zot:5: 3003 daAuts
Vaults:2: 2711 daAuts
Vaults:4: 2370 daAuts
Depths:1: 2343 daAuts
 Crypt:3: 2340 daAuts
Vaults:3: 2255 daAuts
   Zot:3: 2216 daAuts
Spider:3: 2124 daAuts
Spider:2: 1992 daAuts
   Elf:1: 1908 daAuts
   Elf:3: 1894 daAuts

Table legend:
 A = Kills in this place as a percentage of kills in the entire game.
 B = Kills by you in this place as a percentage of kills by you in the entire game.
 C = Kills by friends in this place as a percentage of kills by friends in the entire game.
 D = Other kills in this place as a percentage of other kills in the entire game.
 E = Experience gained in this place as a percentage of experience gained in the entire game.
 F = Experience gained in this place divided by the number of levels of this place that you have seen.
                   A       B       C       D       E      F
               +-------+-------+-------+-------+-------+----------------------
         Total | 100.0 | 100.0 | 100.0 | 100.0 | 100.0 | 25443.8
       Dungeon |  17.7 |  19.0 |  17.7 |   2.3 |   5.3 | 5299.7
          Lair |   8.2 |   9.2 |   5.2 |   0.0 |   3.6 | 10929.6
         Swamp |   3.9 |   4.2 |   3.1 |   1.2 |   4.1 | 15402.5
   Spider Nest |   8.7 |   9.4 |   9.9 |   0.0 |   6.6 | 24834.0
    Slime Pits |   3.4 |   3.1 |   3.6 |   6.4 |   3.5 | 10460.0
  Orcish Mines |   4.9 |   5.5 |   3.1 |   0.0 |   0.9 | 6826.0
   Elven Halls |   6.5 |   6.8 |   0.0 |   9.9 |   7.6 | 37781.0
        Vaults |  15.2 |  14.1 |  16.1 |  26.7 |  20.0 | 60128.4
         Crypt |   7.4 |   7.0 |  10.4 |   8.7 |   7.1 | 35488.0
        Depths |  11.2 |  10.7 |   4.7 |  24.4 |  17.3 | 64840.2
          Hell |   3.4 |   2.5 |  12.5 |   3.5 |   3.3 | 50274.0
           Zot |   8.5 |   7.6 |  11.5 |  16.9 |  19.6 | 58745.0
         Abyss |   0.5 |   0.4 |   1.6 |   0.0 |   0.8 | 12060.0
      Gauntlet |   0.5 |   0.6 |   0.5 |   0.0 |   0.3 | 4275.0
               +-------+-------+-------+-------+-------+----------------------
